Map: New Repugnancy LE

Players

Sneakerhead

  • Race: Protoss Protoss
  • League: Diamond
  • Spawn Location: 1:00

Smeeeger - Winner!

  • Race: Zerg Zerg
  • League: Platinum
  • Spawn Location: 7:00

VOD

Have the link to the VOD?

Description

Time

  • Played on: July 31, 2019, 8:18 a.m.
  • Length: 9:06
Show
View Real Time Build Order
Export as new Build Order

Sneakerhead Protoss 

Build Orders: Zealot Archon 

Get SALT Encoding   

  12  0:10  Assimilator  
  12  0:19  Probe  
  12  0:20  Pylon  
  13  0:27  Probe  
  14  0:35  Probe  
  15  0:47  Gateway  
  15  0:51  Probe  
  16  1:06  Pylon  
  16  1:11  Probe  
  17  1:23  Probe  
  18  1:37  Cybernetics Core  
  18  1:42  Probe  
  19  1:49  Assimilator  
  19  1:54  Probe  
  20  2:06  Probe  
  21  2:16  Adept  
  21  2:17  Warp Gate  
  21  2:18  Probe  
  24  2:25  Nexus  
  24  2:35  Shield Battery  
  24  2:46  Adept  
  24  2:48  Pylon  
  26  3:02  Pylon  
  26  3:07  Probe  
  27  3:17  Robotics Facility, Stalker  
  29  3:20  Probe  
  30  3:32  Twilight Council  
  30  3:34  Probe  
  30  3:37  Probe  
  32  3:46  Probe  
  33  3:49  Probe  
  34  4:00  Probe  
  34  4:02  Probe  
  36  4:05  Observer  
  37  4:12  Probe  
  37  4:14  Probe  
  34  4:26  Probe  
  34  4:30  Stalker  
  35  4:38  Probe  
  32  4:42  Immortal  
  36  4:49  Probe  
  36  4:50  Probe  
  38  4:56  Assimilator  
  38  4:58  Pylon  
  38  5:01  Probe  
  38  5:02  Probe  
  38  5:06  Templar Archives  
  40  5:09  Gateway  
  40  5:13  Probe  
  41  5:15  Probe  
  42  5:25  Warp Prism, Probe  
  42  5:27  Probe  
  46  5:37  Probe  
  46  5:39  Probe  
  48  5:43  Gateway  
  48  5:48  Gateway, High Templar  
  50  5:52  Probe  
  51  5:58  Probe  
  51  6:00  Pylon  
  51  6:04  Probe  
  53  6:10  Probe  
  54  6:12  Gateway x2  
  54  6:16  Probe  
  54  6:17  High Templar  
  57  6:21  Forge  
  57  6:25  Archon  
  57  6:26  Forge  
  57  6:29  High Templar  
  57  6:30  Probe  
  57  6:32  Assimilator  
  60  6:35  Pylon  
  60  6:40  Probe, Pylon  
  60  6:44  High Templar  
  63  6:47  Immortal  
  63  6:53  Archon  
  63  6:54  Psionic Storm  
  67  6:57  Sentry  
  67  7:00  Probe  
  70  7:10  Pylon  
  70  7:11  Charge  
  70  7:12  Probe  
  71  7:17  Probe  
  72  7:24  Probe  
  73  7:41  High Templar x2  
  77  7:47  Robotics Facility  
  77  7:54  Zealot x4  
  77  7:56  Archon  
  77  7:57  Probe  
  86  8:01  Probe  
  86  8:13  Probe  
  86  8:19  Stalker  
  81  8:21  Stalker x3  
  81  8:22  Stalker x2  
  81  8:43  Cybernetics Core  
  81  8:47  Zealot x5  
  81  8:48  Zealot  
Show
View Real Time Build Order
Export as new Build Order

Smeeeger Zerg - Winner!

Build Orders: Hatch First 

Get SALT Encoding   

  12  0:01  Drone  
  13  0:13  Overlord  
  13  0:18  Drone  
  14  0:33  Drone x2  
  16  0:37  Drone  
  17  0:48  Drone  
  18  1:08  Drone x2  
  20  1:18  Hatchery  
  19  1:29  Drone  
  19  1:30  Overlord  
  20  1:32  Extractor  
  20  1:35  Spawning Pool  
  18  1:47  Drone  
  19  2:18  Drone  
  21  2:22  Zergling x2  
  21  2:23  Zergling x2  
  22  2:31  Queen  
  22  2:32  Queen  
  26  2:38  Metabolic Boost  
  26  2:48  Zergling x2  
  26  2:50  Drone  
  26  2:51  Drone x2  
  30  3:04  Hatchery  
  29  3:14  Drone x6  
  35  3:39  Drone  
  36  3:41  Overlord x2  
  36  3:50  Roach Warren  
  36  3:51  Drone  
  36  3:53  Evolution Chamber  
  36  3:54  Drone  
  36  3:59  Queen x2  
  36  4:00  Drone x3  
  36  4:01  Drone x3  
  45  4:24  Queen  
  45  4:33  Roach  
  45  4:34  Drone x3  
  45  4:35  Drone x3  
  52  4:47  Overlord x2  
  52  4:53  Extractor  
  52  4:55  Extractor  
  50  5:04  Overlord  
  50  5:05  Overlord x2  
  50  5:06  Zergling x4  
  50  5:07  Zergling x4  
  53  5:09  Drone x4  
  53  5:11  Zerg Missile Weapons Level 1  
  58  5:18  Drone  
  59  5:26  Drone  
  59  5:27  Drone x3  
  63  5:32  Lair  
  63  5:36  Drone x3  
  63  5:37  Overlord x3  
  66  5:56  Baneling Nest  
  65  6:10  Drone x3  
  65  6:11  Zergling x18  
  77  6:22  Roach x6  
  89  6:33  Hatchery  
  89  6:35  Pneumatized Carapace  
  88  6:52  Roach x10  
  108  6:55  Spore Crawler  
  108  6:56  Spore Crawler  
  108  6:59  Spore Crawler, Drone x5  
  110  7:03  Glial Reconstitution  
  110  7:09  Roach x2  
  114  7:24  Overlord x4  
  110  7:50  Drone x2  
  110  7:51  Drone  
  113  7:52  Overlord x2, Extractor  
  113  7:54  Roach x9, Extractor  
  113  7:55  Roach x4  
  131  8:26  Roach x8  
  132  8:43  Ravager  
  132  8:47  Ravager  
Tags
 
Add a new tag
Caveats
  • Supply blocks, unpowered buildings, or Contaminate may cause inaccurate times.
  • Supply counts are checked every 10 seconds.